 Dungeon Crawl Stone Soup version 0.32-a0-131-g9dbbe29261 (webtiles) character file.

Game seed: 9773661159037354763

375034 drugrobin the Slayer (level 21, -8/213 HPs)
             Began as a Demigod Delver on Feb 9, 2024.
             Killed from afar by Nikola (49 damage)
             ... with an arc of chain lightning
             ... on level 3 of the Elven Halls.
             The game lasted 02:44:33 (56964 turns).

drugrobin the Slayer (Demigod Delver)              Turns: 56964, Time: 02:44:34

Health: -8/213     AC: 35    Str: 25    XL:     21   Next: 15%
Magic:  33/33      EV: 19    Int: 28    God:
Gold:   1144       SH: 17    Dex: 21    Spells: 29/30 levels left

rFire   + . .        a - +9 demon whip (elec)
rCold   + + .        x - +2 kite shield {rC+}
rNeg    . . .        Z - +3 chain mail {Will+}
rPois   +            n - +0 helmet
rElec   +            s - +2 cloak {rPois}
rCorr   +            g - +3 pair of gauntlets of War {Slay+5}
SInv    .            c - -1 pair of boots of Evolution {Dex+6}
Will    +++..        X - amulet of regeneration Stlth
                     A - +4 ring of protection
HPRegen 1.35/turn    v - +4 ring of protection
MPRegen 0.23/turn

%: no passive effects
@: resistant, studying Hexes
A: high MP 1, forlorn, divine attributes
}: 1/15 runes: serpentine
a: no special abilities


You were on level 3 of the Elven Halls.
You visited 7 branches of the dungeon, and saw 37 of its levels.
You also visited: Ice Cave and Volcano.

You collected 3743 gold pieces.
You spent 2599 gold pieces at shops.

Inventory:

Hand Weapons
 a - a +9 demon whip of electrocution (weapon)
Missiles
 k - 26 boomerangs (quivered)
 R - 2 throwing nets
Armour
 c - the -1 pair of boots of Evolution (worn) {Dex+6}
   (You found it in a volcano)

   Dex+6:     It affects your dexterity (+6).
 g - the +3 pair of gauntlets of War (worn) {Slay+5}
   (You bought it in a shop on level 2 of the Orcish Mines)

   Slay+5:    It affects your accuracy & damage with ranged weapons and melee
   (+5).
 n - a +0 helmet (worn)
 s - a +2 cloak of poison resistance (worn)
 x - a +2 kite shield of cold resistance (worn)
 y - the +6 chain mail of Patterns {Rampage Slay+3 SInv}
   (You found it on level 2 of the Vaults)

   Slay+3:    It affects your accuracy & damage with ranged weapons and melee
   (+3).
   SInv:      It lets you see invisible.
   Rampage:   It bestows one free step when moving towards enemies.
 I - +0 fire dragon scales
 Z - a +3 chain mail of willpower (worn)
Jewellery
 m - a ring of fire
 v - a +4 ring of protection (right hand)
 A - a +4 ring of protection (left hand)
 C - a ring of ice
 L - a ring of see invisible
 S - a ring of protection from cold
 X - an amulet of regeneration (around neck)
Wands
 p - a wand of flame (5)
 q - a wand of digging (17)
 t - a wand of paralysis (32)
 N - a wand of roots (21)
 T - a wand of mindburst (24)
 Y - a wand of quicksilver (20)
Scrolls
 e - 5 scrolls of fear
 l - 6 scrolls of revelation
 u - 3 scrolls of butterflies
 w - 9 scrolls of blinking
 B - a scroll of vulnerability
 F - 2 scrolls of fog
 G - 14 scrolls of teleportation
 H - 9 scrolls of poison
 K - 2 scrolls of silence
 M - 2 scrolls of enchant armour
 O - 3 scrolls of immolation
Potions
 b - a potion of mutation
 d - 4 potions of cancellation
 f - 7 potions of haste
 i - 4 potions of invisibility
 j - 8 potions of heal wounds
 o - 8 potions of lignification
 r - 9 potions of ambrosia
 z - 2 potions of resistance
 E - 9 potions of might
 J - a potion of berserk rage
 U - 10 potions of curing
Miscellaneous
 h - a tin of tremorstones (inert)
 Q - a phantom mirror
 V - a phial of floods
 W - a lightning rod (2/4)


   Skills:
 + Level 23.7 Fighting
 - Level 12.0 Maces & Flails
 + Level 15.9 Armour
 + Level 15.9 Dodging
 - Level 4.5 Stealth
 - Level 15.0 Shields
 - Level 5.0 Spellcasting
 - Level 5.0 Evocations


You had 29 spell levels left.
You knew the following spells:

 Your Spells              Type           Power      Damage    Failure   Level
a - Summon Small Mammal   Summ           28%        N/A       30%         1

Your spell library contained the following spells:

 Spells                   Type           Power      Damage    Failure   Level
 Apportation              Tloc           14%        N/A       30%         1
 Necrotise                Necr           28%        1d5       30%         1
 Sting                    Conj/Alch      28%        1d4       30%         1
 Cigotuvi's Dreadful Rot  Necr/Alch/Air  14%        N/A       43%         2
 Ensorcelled Hibernation  Hex/Ice        14%        N/A       43%         2
 Jinxbite                 Hex            14%        N/A       43%         2
 Mercury Vapours          Alch/Air       14%        N/A       43%         2
 Sublimation of Blood     Necr           7%         N/A       43%         2
 Call Canine Familiar     Summ           7%         N/A       67%         3
 Dazzling Flash           Conj/Hex       14%        N/A       67%         3
 Gell's Gravitas          Tloc           7%         N/A       67%         3
 Hailstorm                Conj/Ice       7%         3d5       67%         3
 Mephitic Cloud           Conj/Alch/Air  7%         N/A       67%         3
 Passwall                 Erth           7%         N/A       67%         3
 Sigil of Binding         Hex            7%         N/A       67%         3
 Summon Ice Beast         Ice/Summ       7%         N/A       67%         3
 Swiftness                Air            7%         N/A       67%         3
 Teleport Other           Tloc           7%         N/A       67%         3
 Volatile Blastmotes      Fire/Tloc      14%        2d11      67%         3
 Animate Dead             Necr           7%         N/A       97%         4
 Brom's Barrelling Bould  Conj/Erth      7%         2d3       97%         4
 Dimensional Bullseye     Hex/Tloc       3%         N/A       97%         4
 Dispel Undead            Necr           7%         3d8       97%         4
 Fulminant Prism          Conj/Alch      3%         3d5       97%         4
 Iskenderun's Mystic Bla  Conj/Tloc      7%         2d4       97%         4
 Leda's Liquefaction      Alch/Erth      3%         N/A       97%         4
 Martyr's Knell           Necr/Summ      7%         N/A       97%         4
 Olgreb's Toxic Radiance  Alch           7%         N/A       97%         4
 Petrify                  Alch/Erth      7%         N/A       97%         4
 Alistair's Intoxication  Alch           4%         N/A       100%        5
 Fireball                 Conj/Fire      3%         3d4       100%        5
 Irradiate                Conj/Alch      3%         3d12      100%        5
 Iskenderun's Battlesphe  Conj           7%         2d6       100%        5
 Lee's Rapid Deconstruct  Erth           3%         3d5*      100%        5
 Summon Mana Viper        Hex/Summ       7%         N/A       100%        5
 Bombard                  Conj/Erth      3%         9d1       100%        6
 Conjure Ball Lightning   Conj/Air       3%         3x3d6     100%        6
 Death Channel            Necr           3%         N/A       100%        6
 Dispersal                Tloc           3%         N/A       100%        6
 Sculpt Simulacrum        Ice/Alch       3%         N/A       100%        6
 Starburst                Conj/Fire      3%         6d3       100%        6
 Haunt                    Necr/Summ      3%         N/A       100%        7
 Monstrous Menagerie      Summ           3%         N/A       100%        7
 Orb of Destruction       Conj           3%         9d5       100%        7
 Borgnjor's Revivificati  Necr           3%         N/A       100%        8
 Infestation              Necr           3%         N/A       100%        8
 Maxwell's Capacitive Co  Air            3%         ∞         100%        8
 Death's Door             Necr           3%         N/A       100%        9


Dungeon Overview and Level Annotations

Branches:
Dungeon (15/15)            Temple (0/1) D:7            Lair (5/5) D:8
  Swamp (4/4) Lair:2        Snake (4/4) Lair:2        Slime (0/5) Lair:4
    Orc (2/2) D:10            Elf (3/3) Orc:2        Vaults (4/5) D:14
  Crypt (0/3) Vaults:3     Depths (0/4) D:15          IceCv (visited)
Volcano (visited)

Shops:
D:6 !   D:9 *[?((   D:15 (**((   Orc:2 *=[(   Elf:1 *   Snake:3 (*:*
Vaults:2 !

Portals:
Abyss: D:4
Trove: D:13 (give +3 gold dragon scales)

Annotations:
Lair:5 exclusion: oklob plant
Swamp:4 3 runed translucent doors, Lernaean hydra
Elf:3 Nikola


Innate Abilities, Weirdness & Mutations

You have an increased reservoir of magic. (+10% MP)
You shall have no god before yourself.
Your divine heritage dramatically boosts your attributes as you level up.


Message History

Nikola is lightly wounded.
Unknown command.
Unknown command.
Unknown command.
Throw: dart (curare)
Press: ? - help, Shift-Dir - straight line, f - deep elf high priest, p - Nikola
Aim: a deep elf high priest, wielding the +9 morningstar "Guusaith" {venom, ^Drain rElec rN+}, wearing a +0 leather armour and wearing an amulet of reflection (reflecting blocked projectiles, 67% to hit)
You throw a curare-tipped dart.
The curare-tipped dart barely misses the deep elf high priest.
The deep elf high priest calls down the wrath of its god upon you.
Something smites you!
* * * LOW HITPOINT WARNING * * *
Unknown command.
Unknown command.
Unknown command.
You thrash the deep elf high priest!!
The deep elf high priest is moderately wounded.
The deep elf high priest utters an invocation to its god.
The deep elf high priest begins emitting a brilliant aura!
Nikola is empowered by the deep elf high priest's aura!
Nikola gestures wildly while chanting.
Nikola blinks!
Unknown command.
Unknown command.
You closely miss the deep elf high priest.
The deep elf high priest is moderately wounded.
The deep elf high priest completely misses you.
Unknown command.
Unknown command.
Unknown command.
You barely miss the deep elf high priest.
The deep elf high priest is moderately wounded.
Nikola casts a spell.
Lightning arcs from Nikola's hands!
The bolt of lightning hits the deep elf high priest!!!
The deep elf high priest resists.
The deep elf high priest dies!
A bolt of lightning appears from out of thin air!
The bolt of lightning hits you!!! You resist.
You die...

##...# ..## #..... ...# #.....
#..# #..... #..# ##.... #..#
##... # #..# ##.. #.######..# ##.
......@..@########### ##
........$###....<...##
.####.....'.........#
#((####.e.......# #..#
#.........#
#..####(.####.........#####
#..........####++###....... #####
#..................'.......
....###..######..###..)..'.......


You could see Nikola (empowered, very poisoned, slow).

Vanquished Creatures
  A dread lich (Vaults:3)
  Norris (Elf:3)
  Zenata (Elf:3)
  Frances (D:13)
  4 deep elf blademasters (Elf:2)
  2 sphinxes
  2 thorn hunters (Swamp:2)
  Roxanne (Swamp:1)
  Aizul (Lair:2)
  Donald (Swamp:1)
  A frost giant (D:15)
  20 nagarajas
  3 deep elf sorcerers (Elf:3)
  12 vault wardens
  4 deep elf elementalists
  13 ironbound preservers
  3 reapers (IceCv)
  Louise (Snake:2)
  6 formless jellyfish
  4 orc warlords
  9 ironbound thunderhulks
  2 deep elf death magi
  3 deep elf demonologists
  6 bunyips
  Azrael (Snake:3)
  17 dire elephants
  6 eleionomae
  4 deep elf annihilators
  A red draconian (Volcano)
  A war gargoyle (Vaults:4)
  Josephine (D:14)
  6 crystal guardians
  4 deep elf high priests
  2 fire dragons (D:15)
  13 yaktaur captains
  2 entropy weavers (Vaults:3)
  2 ghost crabs
  9 vault guards
  A rakshasa (D:13)
  3 peacekeepers
  A caustic shrike simulacrum (IceCv)
  7 great orbs of eyes
  4 alligators
  3 ogre magi
  15 hydras
  A salamander tyrant (Snake:3)
  An ice dragon (D:15)
  8 anacondas
  4 catoblepae
  12 two-headed ogres
  12 centaur warriors
  9 ironbound frosthearts
  4 boulder beetles
  14 death yaks
  23 naga warriors
  26 dancing weapons
  An orc high priest (Orc:2)
  4 tengu warriors
  2 shock serpents
  18 naga sharpshooters
  3 hell knights
  3 skysharks
  4 goliath frogs
  16 deep elf knights
  2 fire crabs
  17 deep trolls
  6 spriggan druids
  10 swamp dragons
  A flayed ghost (D:15)
  6 salamander mystics
  The ghost of pigah the Poker, a novice OnCA of Ignis (D:6)
  A sun moth (Orc:2)
  14 mana vipers
  A glowing orange brain (Vaults:1)
  2 arcanists
  2 spriggan simulacra (Snake:2)
  2 obsidian statues (IceCv)
  7 naga ritualists
  4 bog bodies
  12 deep elf archers
  21 ironbound convokers
  8 lindwurms
  7 orc knights
  22 deep elf pyromancers
  19 deep elf zephyrmancers
  2 necromancers
  A faun (shapeshifter) (Vaults:2)
  5 manticores
  Maurice (D:7)
  3 orc sorcerers
  14 salamanders
  6 ugly things
  4 will-o-the-wisps
  2 cyclopes
  26 naga magi
  19 vault sentinels
  3 meliai (D:13)
  5 guardian serpents
  16 elephants
  2 torpor snails
  4 kobold blastminers (Orc:2)
  47 black mambas
  A cane toad (shapeshifter) (Elf:2)
  9 cane toads
  An unseen horror (D:10)
  Jeremiah (D:7)
  3 rime drakes
  43 yaktaurs
  A kobold demonologist (D:10)
  5 komodo dragons
  2 anaconda simulacra
  An ice devil (IceCv)
  5 tengu conjurers
  3 freezing wraiths (IceCv)
  5 golden dragon simulacra (IceCv)
  A bloated husk (Swamp:2)
  2 polar bears
  8 trolls
  A wolf spider simulacrum (D:15)
  7 hornets
  5 tyrant leeches
  A queen bee (Lair:3)
  4 dream sheep (Lair:5)
  15 blink frogs
  29 slime creatures
  A dream sheep (shapeshifter) (D:15)
  2 shadows (D:11)
  2 dire elephant simulacra (IceCv)
  2 air elementals (Elf:2)
  7 spriggans
  A water elemental (Elf:2)
  8 wraiths
  5 wyverns
  4 redbacks (Vaults:3)
  85 yaks
  A steam dragon (D:9)
  A vampire (D:11)
  2 humans (D:14)
  5 wargs
  8 basilisks
  6 fire elementals
  5 minotaur simulacra
  24 vampire mosquitoes
  18 swamp worms
  2 small abominations (D:4)
  39 nagas
  3 hell hounds (Snake:3)
  3 hydra simulacra (IceCv)
  4 acid dragons
  Duvessa (D:4)
  5 swamp drakes
  18 water moccasins
  The ghost of Oneirical the Magician, an amateur FeHW (D:4)
  2 black bears
  2 ice beasts
  28 orc warriors
  2 ettin simulacra (IceCv)
  4 sky beasts
  5 laughing skulls
  4 boggarts (Lair:5)
  19 wolves
  9 ogres
  12 centaurs
  4 kobold brigands
  22 bullfrogs
  A gnoll sergeant (D:10)
  A scorpion (D:7)
  3 earth elementals
  A deep troll simulacrum (IceCv)
  Dowan (D:4)
  A lindwurm simulacrum (Snake:2)
  26 killer bees
  An electric eel (Lair:5)
  2 howler monkeys
  2 bombardier beetles
  6 quasits (D:6)
  A jelly (D:7)
  Crazy Yiuf (D:3)
  A gnoll bouda (D:10)
  18 orc priests
  A hound (D:7)
  21 orc wizards
  A sleepcap (D:7)
  12 gnolls
  7 adders
  2 white imps (D:5)
  3 ribbon worms
  4 dart slugs
  62 orcs
  3 endoplasms
  4 giant cockroaches
  7 goblins
  6 hobgoblins
  3 jackals (D:4)
  22 kobolds
  4 quokkas
  2 training dummies (D:4)
  6 ball pythons
  6 bats
  3 frilled lizards
  7 rats
1476 creatures vanquished.

Vanquished Creatures (others)
  A nagaraja (Snake:4)
  A deep elf high priest (Elf:3)
  A hydra (Swamp:1)
  A dancing weapon (Elf:3)
  A swamp dragon (Swamp:2)
  A deep elf pyromancer (Elf:3)
  4 bloated husks
  2 nagas (Snake:4)
  12 foxfires
24 creatures vanquished.

Grand Total: 1500 creatures vanquished

Notes
Turn   | Place    | Note
-------+----------+-------------------------------------------
     0 | D:5      | drugrobin the Demigod Delver began the quest for the Orb.
     0 | D:5      | Reached XP level 1. HP: 18/18 MP: 3/3
    36 | D:5      | Noticed an ogre
    45 | D:5      | Noticed an ice beast
   129 | D:5      | Noticed a howler monkey
   350 | D:4      | Noticed a small abomination
   398 | D:4      | Reached XP level 2. HP: 25/25 MP: 4/4
   647 | D:3      | Reached XP level 3. HP: 30/30 MP: 5/5
  1121 | D:1      | Reached XP level 4. HP: 32/37 MP: 6/6
  2966 | D:3      | Reached skill level 5 in Maces & Flails
  2966 | D:3      | Reached XP level 5. HP: 42/42 MP: 7/7
  3113 | D:3      | Found a runed translucent door.
  3114 | D:3      | Noticed Crazy Yiuf
  3181 | D:4      | Found a transporter.
  3355 | D:4      | Noticed an ice beast
  3470 | D:4      | Noticed Duvessa
  3470 | D:4      | Noticed Dowan
  3583 | D:5      | Killed an ogre
  3584 | D:5      | Reached XP level 6. HP: 50/50 MP: 8/8
  3897 | D:4      | Found a transporter.
  3908 | D:4      | Found a one-way gate to the infinite horrors of the Abyss.
  3908 | D:4      | Noticed Oneirical's ghost (amateur FeHW)
  3972 | D:6      | Reached XP level 7. HP: 50/56 MP: 9/9
  3998 | D:6      | Found a transporter.
  4011 | D:6      | Noticed pigah's ghost (novice OnCA)
  4130 | D:6      | Identified a scroll of acquirement
  4138 | D:6      | Acquired a +2 demon whip of venom
  4191 | D:6      | Found a transporter.
  4278 | D:6      | Found Ovanop's Distillery.
  4286 | D:6      | Bought a potion of heal wounds for 65 gold pieces
  4286 | D:6      | Bought a potion of degeneration for 13 gold pieces
  4286 | D:6      | Bought a potion of might for 52 gold pieces
  4286 | D:6      | Bought a potion of attraction for 39 gold pieces
  4577 | D:7      | Found a staircase to the Ecumenical Temple.
  4818 | D:7      | Noticed Maurice
  4858 | D:7      | Killed Maurice
  4859 | D:7      | Reached skill level 10 in Maces & Flails
  4859 | D:7      | Reached XP level 8. HP: 49/62 MP: 10/10
  5304 | D:7      | Reached XP level 9. HP: 51/68 MP: 11/11
  5384 | D:7      | Noticed Jeremiah
  5471 | D:7      | Killed Jeremiah
  5472 | D:7      | Reached skill level 3 in Fighting
  5872 | D:8      | Reached skill level 4 in Fighting
  5920 | D:8      | Reached skill level 5 in Fighting
  6077 | D:8      | Reached skill level 6 in Fighting
  6645 | D:8      | Found a staircase to the Lair.
  6786 | D:9      | Reached skill level 7 in Fighting
  7031 | D:9      | Found Vaarre's Antique Armour Emporium.
  7064 | D:9      | Reached XP level 10. HP: 86/86 MP: 13/13
  7085 | D:9      | Reached skill level 8 in Fighting
  7329 | D:9      | Found Inuteq's General Store.
  7332 | D:9      | Bought a potion of curing for 33 gold pieces
  7332 | D:9      | Bought a wand of paralysis (7) for 184 gold pieces
  7365 | D:9      | Found Vocruttico's Antique Weapon Boutique.
  7648 | D:9      | Reached skill level 1 in Evocations
  7719 | D:9      | Found Doohesoopp's Magic Scroll Shop.
  7725 | D:9      | Bought a scroll of noise for 12 gold pieces
  7725 | D:9      | Bought a scroll of vulnerability for 48 gold pieces
  7725 | D:9      | Bought a scroll of identify for 24 gold pieces
  7790 | D:9      | Found Nixyumpufro's Weapon Emporium.
  8102 | D:4      | Killed Dowan
  8110 | D:4      | Killed Duvessa
  8204 | D:3      | Killed Crazy Yiuf
  8481 | D:4      | Reached skill level 9 in Fighting
  8498 | D:4      | Killed Oneirical's ghost
  8595 | D:4      | Got Lugonu's Discourse on Dislocation
  8698 | D:6      | Killed pigah's ghost
  8782 | D:10     | Entered Level 10 of the Dungeon
  9153 | D:10     | Noticed a deep elf pyromancer
  9168 | D:10     | Found a transporter.
  9171 | D:10     | Noticed a two-headed ogre
  9172 | D:10     | Noticed a boulder beetle
  9180 | D:10     | Noticed a two-headed ogre
  9212 | D:10     | Killed a two-headed ogre
  9213 | D:10     | Reached skill level 10 in Fighting
  9489 | D:10     | Reached XP level 11. HP: 93/99 MP: 14/14
  9507 | D:10     | Found a staircase to the Orcish Mines.
  9531 | D:10     | Noticed a fire crab
  9532 | D:10     | Found a transporter.
  9535 | D:10     | Noticed a five-headed hydra
  9573 | D:10     | Reached skill level 5 in Evocations
  9924 | D:10     | Noticed a two-headed ogre
  9940 | D:10     | Killed a two-headed ogre
 10175 | D:11     | Reached skill level 11 in Fighting
 11244 | Orc:1    | Entered Level 1 of the Orcish Mines
 11244 | Orc:1    | Noticed an orc warlord
 11251 | Orc:1    | Noticed a sun demon
 11259 | Orc:1    | Reached skill level 12 in Fighting
 11272 | Orc:1    | Killed an orc warlord
 11526 | Orc:2    | Entered Level 2 of the Orcish Mines
 11673 | Orc:2    | Reached skill level 13 in Fighting
 11803 | Orc:2    | Found a dark tunnel.
 11818 | Volcano  | Entered a volcano
 11822 | Volcano  | Found a large runed translucent door.
 11822 | Volcano  | Found a large runed translucent door.
 11831 | Volcano  | Noticed a centaur warrior
 12096 | Volcano  | Found a large runed translucent door.
 12096 | Volcano  | Found a large runed translucent door.
 12102 | Volcano  | Found a large runed translucent door.
 12102 | Volcano  | Found a large runed translucent door.
 12154 | Volcano  | Noticed a centaur warrior
 12207 | Volcano  | Noticed a centaur warrior
 12223 | Volcano  | Noticed a red draconian
 12226 | Volcano  | Killed a centaur warrior
 12246 | Volcano  | Killed a red draconian
 12247 | Volcano  | Reached XP level 12. HP: 14/116 MP: 15/15
 12517 | Volcano  | Killed a centaur warrior
 12518 | Volcano  | Reached skill level 14 in Fighting
 12524 | Volcano  | Killed a centaur warrior
 12722 | Volcano  | Found a large runed translucent door.
 12722 | Volcano  | Found a large runed translucent door.
 12762 | Volcano  | Noticed a centaur warrior
 12773 | Volcano  | Killed a centaur warrior
 12953 | Volcano  | Found a large runed translucent door.
 12953 | Volcano  | Found a large runed translucent door.
 12992 | Volcano  | Found a large runed translucent door.
 12993 | Volcano  | Found a large runed translucent door.
 12998 | Volcano  | Noticed a centaur warrior
 13008 | Volcano  | Killed a centaur warrior
 13017 | Volcano  | Identified the -1 pair of boots of Evolution {Dex+6}
 13048 | Volcano  | Found a large runed translucent door.
 13048 | Volcano  | Found a large runed translucent door.
 13049 | Volcano  | Noticed a centaur warrior
 13060 | Volcano  | Killed a centaur warrior
 13236 | Volcano  | Reached skill level 15 in Fighting
 13264 | Volcano  | Found a large runed translucent door.
 13265 | Volcano  | Found a large runed translucent door.
 13266 | Volcano  | Found a large runed translucent door.
 13266 | Volcano  | Found a large runed translucent door.
 13667 | Orc:2    | Found a staircase to the Elven Halls.
 14874 | Orc:2    | Noticed an orc warlord
 14938 | Orc:1    | Killed an orc warlord
 14939 | Orc:1    | Reached skill level 16 in Fighting
 15633 | Orc:2    | Noticed an ogre mage
 15665 | Orc:2    | Killed an ogre mage
 15671 | Orc:2    | Reached XP level 13. HP: 72/130 MP: 16/16
 16216 | Orc:2    | Found Okimnut's Antique Weapon Shop.
 16275 | Orc:2    | Found Bohomuod's Jewellery Shop.
 16374 | Orc:2    | Found Ucuogh's Antique Armour Shop.
 16389 | Orc:2    | Found Zeatwesh's General Store.
 16438 | Orc:1    | Noticed an orc warlord
 16450 | Orc:2    | Reached skill level 17 in Fighting
 16674 | Lair:1   | Entered Level 1 of the Lair of Beasts
 18339 | Lair:2   | Reached skill level 18 in Fighting
 19273 | Lair:2   | Found a staircase to the Snake Pit.
 19795 | Lair:2   | Found a staircase to the Swamp.
 20156 | Lair:4   | Reached skill level 19 in Fighting
 20514 | Lair:5   | Entered Level 5 of the Lair of Beasts
 20641 | Lair:5   | Reached XP level 14. HP: 105/146 MP: 17/17
 21600 | Lair:4   | Found a staircase to the Slime Pits.
 21790 | Lair:3   | Reached skill level 20 in Fighting
 22195 | Lair:3   | Identified the blade talisman of Protective Custody {Str+4}
 22245 | Lair:3   | Reached skill level 1 in Armour
 24839 | Lair:5   | Reached skill level 5 in Armour
 25619 | Orc:2    | Killed an orc warlord
 25906 | Orc:2    | Bought the +3 pair of gauntlets of War {Slay+5} for 1425
                  | gold pieces
 25906 | Orc:2    | Found the +3 pair of gauntlets of War {Slay+5}
 26635 | D:13     | Reached skill level 21 in Fighting
 26737 | D:13     | Reached XP level 15. HP: 139/158 MP: 18/18
 26737 | D:13     | Reached XP level 16. HP: 147/167 MP: 19/19
 26991 | D:13     | Found a portal to a secret trove of treasure.
 27407 | D:13     | Noticed Frances
 27479 | D:13     | Killed Frances
 27764 | D:13     | Noticed Sonja
 27767 | D:13     | Sonja changed into Sonja the warg
 27767 | D:13     | Noticed Sonja
 27774 | D:13     | Killed Sonja the warg
 28694 | D:15     | Entered Level 15 of the Dungeon
 28694 | D:15     | Found Xaoruvv Pora's General Store.
 29456 | D:15     | Found Ozxuh's General Store.
 29457 | D:15     | Found Etychott's Antique Weapon Emporium.
 29483 | D:15     | Found Tuniot's Antique Weapon Emporium.
 29836 | D:15     | Found a staircase to the Depths.
 30276 | D:15     | Found Osalaz's Antique Weapon Shop.
 30640 | D:10     | Reached skill level 22 in Fighting
 30822 | D:9      | Bought a bloodstained buckler for 332 gold pieces
 30822 | D:9      | Identified the +0 buckler of Diricvep {Harm ^Drain rF+}
                  | (You bought it in a shop on level 9 of the Dungeon)
 30926 | Elf:1    | Entered Level 1 of the Elven Halls
 31351 | Elf:1    | Reached skill level 10 in Armour
 32429 | Elf:1    | Found Zuxaeroeg's Mayhem Merchandise.
 32639 | Elf:1    | Identified the +5 dagger of the Screaming Enemy {vamp, rC++
                  | Int-4}
 32983 | Elf:2    | Found a huge runed translucent gate.
 32983 | Elf:2    | Found a huge runed translucent gate.
 32983 | Elf:2    | Found a huge runed translucent gate.
 32983 | Elf:2    | Found a huge runed translucent gate.
 32983 | Elf:2    | Found a huge runed translucent gate.
 33037 | Elf:2    | Noticed a deep elf blademaster
 33037 | Elf:2    | Noticed a deep elf blademaster
 33037 | Elf:2    | Noticed a deep elf blademaster
 33046 | Elf:2    | Killed a deep elf blademaster
 33047 | Elf:2    | Killed a deep elf blademaster
 33053 | Elf:2    | Killed a deep elf blademaster
 33059 | Elf:2    | Found the +8 pair of quick blades "Gyre" and "Gimble"
                  | {protect}
 33575 | Elf:2    | Reached XP level 17. HP: 159/178 MP: 20/20
 33665 | Elf:2    | Paralysed by an air elemental for 1 turns
 34837 | Swamp:1  | Entered Level 1 of the Swamp
 35222 | Swamp:1  | Noticed Donald
 35244 | Swamp:1  | Killed Donald
 35282 | Swamp:1  | Noticed Roxanne
 35597 | Swamp:1  | Reached skill level 1 in Shields
 35779 | Swamp:1  | Killed Roxanne
 36220 | Swamp:2  | Reached skill level 23 in Fighting
 36225 | Swamp:2  | Identified the +1 leather armour "Jorytor" {rF- rC+ rCorr
                  | Int+2}
 38004 | Swamp:3  | Acquired a manual of Dodging
 38602 | Swamp:4  | Entered Level 4 of the Swamp
 38667 | Swamp:4  | Found a runed translucent gate.
 38667 | Swamp:4  | Found a runed translucent gate.
 38667 | Swamp:4  | Found a runed translucent gate.
 39251 | Swamp:4  | Reached skill level 5 in Dodging
 39279 | Swamp:4  | Reached skill level 5 in Shields
 39423 | Swamp:4  | Noticed the 27-headed Lernaean hydra
 39618 | Snake:1  | Entered Level 1 of the Snake Pit
 39622 | Snake:1  | Identified the serpent talisman of Responsibility {*Corrode
                  | MP+9 Str+4}
 39622 | Snake:1  | Noticed Aizul
 39671 | Lair:2   | Killed Aizul
 40092 | Snake:1  | Reached XP level 18. HP: 23/188 MP: 8/21
 41510 | Snake:2  | Found a glacial archway.
 41601 | IceCv    | Entered an ice cave
 42008 | IceCv    | Found the +2 Maxwell's thermic engine {flame, freeze, rev}
 42996 | Snake:3  | Got the Secrets of Synthesis
 43106 | Snake:3  | Reached skill level 10 in Dodging
 43257 | Snake:4  | Entered Level 4 of the Snake Pit
 44002 | Snake:2  | Noticed Louise
 44017 | Snake:3  | Found Wolay's Weapon Shop.
 44089 | Snake:3  | Found Qiuwkil's Book Boutique.
 44089 | Snake:3  | Found Raar's General Store.
 44156 | Snake:2  | Killed Louise
 45441 | Snake:1  | Identified the +1 ring mail of the Doldrums {rElec rC++
                  | rCorr Dex-4}
 45654 | Snake:3  | Noticed Azrael
 45682 | Snake:3  | Killed Azrael
 45781 | Snake:3  | Found Anwunisk's Assorted Antiques.
 45793 | Snake:3  | Bought a dented zirconium amulet for 125 gold pieces
 46360 | Snake:4  | Reached skill level 15 in Armour
 46733 | Snake:4  | Reached skill level 1 in Spellcasting
 46743 | Snake:4  | Reached XP level 19. HP: 157/195 MP: 24/24
 46883 | Snake:4  | Reached skill level 10 in Shields
 47307 | Snake:4  | Got a serpentine rune of Zot
 48145 | D:14     | Noticed Josephine
 48161 | D:14     | Killed Josephine
 48372 | D:14     | Reached skill level 5 in Spellcasting
 48386 | D:14     | Learned a level 1 spell: Summon Small Mammal
 48391 | D:14     | Found a gate to the Vaults.
 48624 | Vaults:1 | Entered Level 1 of the Vaults
 49876 | Vaults:2 | Identified the +6 chain mail of Patterns {Rampage Slay+3
                  | SInv}
 50246 | Vaults:2 | Found Daycwy's Distillery.
 50251 | Vaults:2 | Bought a potion of haste for 130 gold pieces
 50251 | Vaults:2 | Bought a potion of heal wounds for 65 gold pieces
 50251 | Vaults:2 | Bought a potion of might for 52 gold pieces
 50486 | Vaults:2 | Paralysed by a formless jellyfish for 1 turns
 51735 | Vaults:2 | Reached XP level 20. HP: 203/203 MP: 32/32
 51778 | Vaults:3 | Found a staircase to the Crypt.
 51941 | Vaults:3 | You fall into a shaft and drop 1 floor!
 53276 | Vaults:3 | Noticed a dread lich
 53564 | Vaults:4 | Reached skill level 15 in Dodging
 53649 | Vaults:3 | Killed a dread lich
 53998 | Vaults:3 | Reached skill level 15 in Shields
 55645 | Elf:3    | Entered Level 3 of the Elven Halls
 55911 | Elf:3    | Reached XP level 21. HP: 146/212 MP: 33/33
 56625 | Elf:3    | Noticed Zenata
 56667 | Elf:3    | Killed Zenata
 56884 | Elf:3    | Noticed Nikola
 56890 | Elf:3    | Noticed Norris
 56934 | Elf:3    | Killed Norris
 56953 | Elf:3    | Identified the +9 morningstar "Guusaith" {venom, ^Drain
                  | rElec rN+}
 56964 | Elf:3    | Killed from afar by Nikola

Illustrated notes

Levels and vault maps discovered:
D:1:      evilmike_arrival_plus, layout_loops_corners,
          shapermc_ecumenical_altar_totnotflames, chequers_serial_rivers_room_b
D:2:      layout_loops_ring, basic_altar
D:3:      layout_loops_ring, grunt_decor_cap, uniq_crazy_yiuf_cottage
D:4:      dreamdust_elfheim, layout_cave_pools, gammafunk_ghost_abyssal_escape,
          kennysheep_generic_room_8
D:5:      layout_rooms, nemelex_diamond_rough_becter,
          dreamdust_mushroom_princess
D:6:      layout_loops_ring, mainiacjoe_overflow_brackets, minitemple,
          serial_shops, nicolae_square_shop, gammafunk_ghost_stat_death
D:7:      layout_rooms, minmay_temple_entry_stoned_glass, uniq_maurice,
          uniq_jeremiah
D:8:      layout_rooms, nicolae_tso_swordbearing_angel, erik_lair_dragon
D:9:      layout_stronghold, gammafunk_temple_overflow_wave, serial_shops,
          nicolae_shop_behind_doors, kennysheep_little_box, shop, shop,
          nicolae_shop_advertising_works [nicolae_subvault_shop_adworks],
          minmay_misc_feat_secret_circle, kennysheep_another_room
D:10:     gammafunk_the_bubble [the_bubble_gammafunk_plus_minus],
          layout_irregular_city
D:11:     layout_basic, kiku_gazebo_garden_becter
D:12:     layout_rooms
D:13:     layout_irregular_city, enter_trove_5, hex_tiny, uniq_sonja,
          uniq_frances
D:14:     layout_gridville, grunt_vaults_entry_fortified, uniq_josephine
D:15:     grunt_enter_depths_hoard, layout_rooms,
          nicolae_hepliaklqana_hazy_memory, serial_shops,
          nicolae_shop_pleasant_corner_grove, shop, shop, shop, shop,
          minmay_checkered_concentric_circles
Lair:1:   layout_big_grid, basic_altar, grunt_megastairs_2
Lair:2:   layout_cave_pods, mainiacjoe_swamp_entry_angry_trees,
          guppyfry_snake_entry_island
Lair:3:   layout_concentric_octagons, special_room [special_room_bee],
          grunt_megastairs_3, infiniplex_staircase_pool_2
Lair:4:   layout_cave_shapes, slime_entry_1
Lair:5:   evilmike_catoblepas_cave, layout_gridlike, kilobyte_rumbling_trees,
          serial_bayou_shore_b, infiniplex_staircase_pool, serial_bayou_shore_b,
          serial_bayou_shore_a
Swamp:1:  layout_basic_swamp, hangedman_swamp_ruin_wall, swamp_pool_5,
          nicolae_swamp_tree_isthmus, uniq_roxanne, uniq_donald
Swamp:2:  layout_falls_marsh, evilmike_swamp_ruin_house_3
Swamp:3:  layout_falls_marsh, evilmike_swamp_ruin_house_6
Swamp:4:  swamp_old_school, layout_basic_swamp, ebering_ghost_rock_garden
Snake:1:  layout_misc_corridors, nrook_loot_triangle, nicolae_snake_boneroom,
          grunt_megastairs_5, uniq_aizul
Snake:2:  layout_chambers, portal_ice_cave_entry_ice_simulacra, uniq_louise
Snake:3:  layout_cave_shapes, special_room, grunt_megastairs_4,
          minmay_shoptagon, uniq_azrael
Snake:4:  grunt_snake_rune_spirals, layout_onion, guppyfry_library_mini
Orc:1:    layout_caves
Orc:2:    grunt_orc_cross, layout_diamond_mine, basic_altar,
          nicolae_volcano_entry_two_sided
Elf:1:    layout_onion_city, nicolae_elf_blasts_and_bolts, minmay_shop_mayhem,
          nicolae_elf_v_pinch
Elf:2:    elven_hall_of_blades_hangedman_alternative
          [nicolae_blade_entry_sentries_behind_glass], layout_loops_corners,
          hellmonk_guarded_unrand_gyre_and_gimble
Elf:3:    minmay_elf_hall_golems, layout_gridlike, uniq_norris, uniq_nikola,
          uniq_zenata
Vaults:1: hangedman_vaults_corner_blocks, grunt_vaults_focal,
          ontoclasm_vaults_ring_square, nicolae_vaults_weapon_check,
          nicolae_vaults_shelves_hall, dpeg_vaults_monster_box, v_misc_2,
          serial_library_regret_index_small_wings, nicolae_vaults_trapezoid_4,
          nicolae_vaults_three_branches, nicolae_vaults_storage_closets_1,
          vaults_standard_mumra_x, ontoclasm_vaults_twist,
          layout_vaults_maze_bifur
Vaults:2: nicolae_vaults_theta, vaults_dpeg_diagonal, v_misc_27,
          vaults_dpeg_cross, nicolae_vaults_minivaults,
          nicolae_vaults_trapezoid_lopsided_3, nicolae_vaults_trapezoid_1,
          vaults_mumra_minichess, nicolae_vaults_sealed_display,
          nicolae_vaults_more_shelving_1, nicolae_vaults_tetromino_T_1,
          layout_vaults_quadrants, serial_shops, shop
Vaults:3: minmay_crypt_entry_necro_gods, hangedman_vaults_pinch,
          nicolae_vaults_turnstiles, nicolae_vaults_display_case,
          hangedman_vaults_stitches, nicolae_vaults_trapezoid_layered,
          nicolae_vaults_house_1, nicolae_vaults_lightning_bolt,
          hangedman_vaults_trim, hangedman_vaults_maws, v_misc_28,
          nicolae_vaults_inception_scallops, nicolae_vaults_little_squares_6,
          layout_vaults_omnibox
Vaults:4: nicolae_vaults_stairing_the_circle, v_misc_2, v_misc_32,
          vaults_room_grunt_arrival_ludios, nicolae_vaults_cornered_office,
          nicolae_vaults_tetromino_Z_2, v_pattern_5,
          nicolae_vaults_security_offices_5, vaults_mumra_chevron, v_misc_15,
          ontoclasm_vaults_gateway, layout_vaults_big_cross

Skill      XL: |  1  2  3  4  5  6  7  8  9 10 11 12 13 14 15 16 17 18 19 20 |
---------------+-------------------------------------------------------------+-----
Maces & Flails | 2 3 4 5 6 7 10 11 12 | 12.0
Fighting       | 7 10 13 16 19 21 22 23 | 23.7
Evocations     | 4 5 |  5.0
Armour         | 6 7 11 13 15 | 15.9
Shields        | 6 9 13 15 | 15.0
Dodging        | 7 12 13 15 | 15.9
Spellcasting   | 1 5 |  5.0
Stealth        | |  4.5

Action                     |  1- 3 |  4- 6 |  7- 9 | 10-12 | 13-15 | 16-18 | 19-21 || total
---------------------------+-------+-------+-------+-------+-------+-------+-------++-------
  Melee: Mace              |    80 |   185 |     5 |       |       |       |       ||   270
         Punch             |     2 |     6 |    12 |    95 |   157 |    54 |       ||   326
         Demon whip        |       |       |   256 |   787 |  1125 |  2093 |  1760 ||  6021
         Hand axe          |       |       |       |       |    30 |     8 |       ||    38
   Fire: Sling             |    41 |    23 |       |       |       |       |       ||    64
  Throw: Boomerang         |       |    14 |    11 |    25 |     6 |    24 |     8 ||    88
         Dart              |       |     1 |     2 |    10 |       |     3 |    10 ||    26
         Throwing net      |       |       |       |     1 |       |       |     2 ||     3
  Evoke: Wand              |       |       |       |     5 |       |     4 |     1 ||    10
         Lightning rod     |       |       |       |       |       |     3 |     2 ||     5
         Phial of floods   |       |       |       |       |       |     1 |       ||     1
         Tin of tremorston |       |       |       |       |       |       |     3 ||     3
    Use: Scroll            |       |       |     9 |    12 |    13 |     7 |     2 ||    43
         Potion            |       |       |       |     7 |     1 |     1 |     1 ||    10
   Stab: Sleeping          |     1 |       |       |       |       |     1 |       ||     2
         Held in net/web   |       |       |       |     4 |       |       |     1 ||     5
         Distracted        |       |       |       |       |       |     3 |       ||     3
         Confused          |       |       |       |       |       |     1 |       ||     1
 Armour: Leather armour    |    13 |       |       |       |       |       |       ||    13
         Chain mail        |    41 |   108 |   145 |    66 |       |    22 |   449 ||   831
         Plate armour      |       |       |     2 |   370 |   795 |    88 |       ||  1255
         Skin              |       |       |       |    37 |       |     3 |       ||    40
         Fire dragon scale |       |       |       |       |       |   757 |   174 ||   931
         Ice dragon scales |       |       |       |       |       |   103 |       ||   103
  Dodge: Dodged            |    49 |   108 |    61 |   171 |   241 |   471 |   435 ||  1536
  Block: Other             |       |     6 |    42 |    97 |   161 |    39 |       ||   345
         Reflection        |       |       |     3 |    12 |     2 |    95 |    11 ||   123
         Buckler           |       |       |       |       |       |   146 |       ||   146
         Kite shield       |       |       |       |       |       |   982 |   808 ||  1790

Table legend: (Time is in decaauts)
 A = Elapsed time spent in this place.
 B = Non-inter-level travel time spent in this place.
 C = Inter-level travel time spent in this place.
 D = Time resting spent in this place.
 E = Time spent auto-exploring this place.
 F = Levels seen in this place.
 G = Mean time per level.
                   A        B        C        D        E       F      G
               +--------+--------+--------+--------+--------+-----+--------+
         Total |  54712 |  51244 |   3468 |  10253 |  27213 |  39 | 1402.9 |
       Dungeon |  17178 |  15515 |   1663 |   2192 |   9277 |  15 | 1145.2 |
          Lair |   8274 |   7816 |    458 |   1192 |   4904 |   5 | 1654.8 |
         Swamp |   4704 |   4616 |     88 |   1008 |   2528 |   4 | 1176.0 |
     Snake Pit |   6555 |   6153 |    402 |    862 |   3273 |   4 | 1638.8 |
  Orcish Mines |   4323 |   3939 |    384 |   2048 |    966 |   2 | 2161.5 |
   Elven Halls |   5433 |   5201 |    232 |   1049 |   2720 |   3 | 1811.0 |
        Vaults |   5719 |   5480 |    239 |    642 |   2953 |   4 | 1429.8 |
      Ice Cave |   1036 |   1036 |      0 |    447 |    221 |   1 | 1036.0 |
       Volcano |   1487 |   1487 |      0 |    811 |    370 |   1 | 1487.0 |
               +--------+--------+--------+--------+--------+-----+--------+

Top non-repeatable levels by time:
   Orc:2: 2573 daAuts
   Elf:2: 2523 daAuts
  Lair:2: 2336 daAuts
 Snake:4: 2294 daAuts
  Lair:5: 2260 daAuts
   Elf:1: 1974 daAuts
Vaults:2: 1885 daAuts
   Orc:1: 1749 daAuts
    D:14: 1739 daAuts
 Snake:1: 1710 daAuts
 Swamp:1: 1611 daAuts
     D:8: 1578 daAuts
    D:10: 1542 daAuts
 Snake:2: 1510 daAuts
 Volcano: 1487 daAuts
